Map: Berlingrad LE

Players

windowshopr - Winner!

  • Race: Terran Terran

VOD

Have the link to the VOD?

Description

Time

  • Played on: March 23, 2022, 9:59 p.m.
  • Length: 55:33
Show
View Real Time Build Order
Export as new Build Order

windowshopr Terran - Winner!

Build Orders:  

Get SALT Encoding   

  12  0:21  Refinery  
  12  0:27  Refinery  
  12  0:53  SCV  
  13  1:10  SCV  
  14  1:27  Supply Depot, SCV  
  15  1:57  SCV  
  16  2:07  Supply Depot  
  16  2:14  SCV  
  17  2:24  Supply Depot  
  17  2:47  Supply Depot  
  17  2:59  Supply Depot  
  17  3:25  Supply Depot  
  17  3:44  Supply Depot  
  17  4:12  SCV  
  18  4:29  SCV  
  19  4:41  Barracks  
  19  4:46  SCV  
  20  5:03  SCV  
  21  5:20  SCV  
  22  5:37  SCV  
  23  5:45  Engineering Bay  
  23  5:54  SCV  
  24  6:11  SCV  
  25  6:21  Barracks Tech Lab  
  25  6:26  Terran Infantry Weapons Level 1  
  25  6:48  Missile Turret  
  25  6:52  Marine  
  26  7:13  Bunker  
  26  7:17  Marine  
  27  7:37  Missile Turret  
  27  7:42  Marine  
  27  7:46  Bunker  
  28  8:01  Missile Turret  
  28  8:07  Marine  
  29  8:24  Bunker  
  29  8:32  Marine  
  30  8:57  Marine, Missile Turret  
  31  9:06  Terran Infantry Armor Level 1  
  31  9:11  Bunker  
  30  9:22  Marine  
  30  9:46  Missile Turret  
  30  9:47  Marine  
  31  10:12  Marine  
  31  10:16  Missile Turret  
  32  10:31  Bunker  
  32  10:37  Marine  
  33  10:45  Missile Turret  
  33  11:01  Marine  
  34  11:26  Marine  
  35  11:37  Bunker  
  35  11:51  Marine  
  36  12:06  Hi-Sec Auto Tracking  
  36  12:16  Marine  
  37  12:41  Marine  
  38  13:41  Barracks Tech Lab  
  38  14:26  Structure Armor  
  38  15:32  Marine  
  39  15:57  Marauder  
  41  16:27  Marauder  
  41  16:28  Unknown  
  43  16:30  Factory  
  43  16:57  Marauder  
  45  17:27  Marauder  
  47  17:57  Marauder  
  49  18:27  Marauder  
  51  18:44  Factory Tech Lab  
  51  18:57  Marauder  
  53  19:18  Armory  
  53  19:27  Marauder  
  55  19:56  Marauder  
  57  20:26  Marauder  
  59  20:45  Starport  
  59  20:56  Marauder  
  61  21:26  Marauder  
  63  21:33  Thor  
  69  21:51  Supply Depot  
  69  21:56  Marine  
  70  22:21  Marine  
  71  22:30  Supply Depot  
  71  22:33  Thor  
  77  22:46  Marine  
  78  23:18  Unknown  
  78  23:33  Thor  
  84  23:53  Marine  
  85  24:18  Marine  
  86  24:25  Supply Depot  
  86  24:29  Supply Depot  
  86  24:32  Supply Depot  
  86  24:36  Supply Depot  
  86  24:43  Marine, Supply Depot  
  86  24:48  Supply Depot  
  87  24:54  Supply Depot  
  87  24:55  Thor  
  87  24:58  Supply Depot  
  93  25:01  Supply Depot  
  93  25:04  Supply Depot  
  93  25:08  Marine  
  93  25:09  Supply Depot  
  94  25:17  Supply Depot  
  94  25:22  Supply Depot  
  94  25:28  Supply Depot  
  94  25:33  Marine  
  94  25:35  Supply Depot  
  94  25:39  Supply Depot  
  95  25:43  Supply Depot  
  95  25:49  Supply Depot  
  95  25:55  Thor  
  101  26:04  Supply Depot  
  101  26:23  Supply Depot  
  101  26:38  Marine  
  102  26:55  Thor  
  108  27:03  Marine  
  109  27:28  Marine  
  110  27:53  Marine  
  111  28:00  Thor x6  
  111  28:18  Marine  
  112  28:39  Unknown  
  108  32:03  Refinery  
  108  32:59  Refinery  
  108  33:22  SCV  
  109  33:39  SCV  
  110  33:56  SCV  
  111  34:00  Marine  
  112  34:13  SCV  
  113  34:25  Marine  
  114  34:30  SCV  
  114  34:34  Thor x4  
  107  34:50  Marine  
  108  35:06  SCV  
  109  35:15  Marine  
  110  35:22  SCV  
  110  35:28  Thor  
  111  35:39  SCV  
  112  35:48  Terran Infantry Weapons Level 2  
  112  35:56  SCV  
  113  36:13  SCV  
  114  37:47  Unknown  
  114  37:57  Unknown  
  114  38:16  Thor  
  114  38:17  Unknown  
  112  38:58  Terran Infantry Armor Level 2  
  104  39:43  Marine  
  105  39:50  Thor  
  111  40:08  Marauder  
  113  40:16  Starport Tech Lab  
  113  40:31  Fusion Core  
  113  40:38  Marine  
  114  40:50  Thor  
  120  41:03  Marauder  
  122  41:33  Marine  
  123  41:50  Thor  
  123  41:56  Battlecruiser  
  135  42:05  Thor  
  135  42:13  Terran Infantry Weapons Level 3  
  135  42:50  Thor  
  141  43:40  Battlecruiser  
  147  43:50  Thor  
  153  44:04  Marine  
  154  44:29  Marauder  
  156  44:50  Thor  
  156  44:59  Marine  
  163  45:10  Battlecruiser  
  169  45:24  Marauder  
  171  45:54  Marine  
  172  49:20  Unknown  
Tags
 
Add a new tag
Caveats
  • Supply blocks, unpowered buildings, or Contaminate may cause inaccurate times.
  • Supply counts are checked every 10 seconds.